Map: Kairos Junction LE

Players

Lambo - Winner!

  • Race: Zerg Zerg
  • League: Grandmaster
  • Spawn Location: 5:00

LiquidTLO (TLO)

  • Race: Zerg Zerg
  • League: Grandmaster
  • Spawn Location: 11:00

VOD

Have the link to the VOD?

Description

Time

  • Played on: Jan. 9, 2019, 3:33 p.m.
  • Length: 7:58
Show
View Real Time Build Order
Export as new Build Order

Lambo Zerg - Winner!

Build Orders: Pool First 

Get SALT Encoding   

  12  0:16  Spawning Pool  
  11  0:21  Drone  
  11  0:26  Drone  
  13  0:31  Drone  
  14  0:40  Overlord  
  14  1:03  Zergling x4  
  16  1:05  Zergling x2  
  17  1:15  Zergling x2  
  18  1:18  Hatchery  
  17  1:26  Zergling x2  
  18  1:33  Queen  
  18  1:37  Drone  
  21  1:49  Overlord  
  21  1:59  Drone  
  20  2:11  Drone  
  20  2:14  Queen  
  23  2:20  Drone  
  22  2:30  Queen  
  22  2:31  Drone x2  
  26  2:42  Drone x2  
  28  2:45  Drone x3  
  30  2:59  Drone x2  
  30  3:04  Overlord  
  33  3:05  Drone  
  33  3:11  Extractor  
  33  3:12  Extractor  
  31  3:14  Overlord  
  31  3:16  Drone  
  32  3:25  Drone  
  32  3:26  Evolution Chamber  
  32  3:29  Drone x3  
  32  3:30  Drone  
  32  3:31  Roach Warren  
  35  3:36  Drone  
  35  3:40  Overlord  
  36  3:43  Drone x2  
  36  3:44  Drone  
  39  3:54  Evolution Chamber  
  39  3:55  Spine Crawler  
  37  3:58  Zergling x6  
  40  4:10  Evolution Chamber, Metabolic Boost  
  40  4:11  Spine Crawler  
  40  4:13  Zergling x2  
  40  4:16  Zergling x4  
  41  4:20  Zergling x4  
  41  4:22  Zergling x2  
  44  4:26  Overlord  
  44  4:27  Zergling x2  
  45  4:38  Overlord  
  43  4:39  Overlord  
  43  4:44  Queen  
  45  4:55  Drone x2  
  46  5:06  Hatchery  
  45  5:07  Drone x2  
  45  5:08  Drone x3  
  45  5:10  Extractor  
  49  5:14  Zergling x4  
  49  5:18  Zerg Melee Weapons Level 1  
  52  5:24  Evolution Chamber  
  52  5:25  Zergling x4  
  53  5:29  Zergling x4  
  49  5:44  Zergling x8  
  49  5:49  Zergling x6  
  49  5:56  Zergling x4  
  50  6:01  Overlord  
  50  6:02  Zergling x2  
  51  6:10  Zergling x4  
  48  6:12  Zergling x4  
  48  6:21  Zergling x2  
  48  6:24  Zergling x2  
  46  6:31  Zergling x12  
  49  6:34  Queen  
  49  6:37  Zergling x2  
  52  6:40  Zergling x2  
  53  6:51  Zergling x4  
  55  7:01  Zergling x2  
  55  7:02  Zergling x2  
  55  7:06  Zergling x4  
  55  7:07  Zergling x2  
  61  7:15  Zergling x4  
  61  7:16  Zergling x6  
  61  7:22  Hatchery  
  64  7:27  Zergling x4  
  66  7:34  Baneling Nest, Zergling x6  
  68  7:42  Evolution Chamber  
  68  7:43  Evolution Chamber  
Show
View Real Time Build Order
Export as new Build Order

LiquidTLO Zerg 

Build Orders: Pool First 

Get SALT Encoding   

  12  0:00  Drone  
  13  0:08  Drone  
  14  0:17  Overlord  
  14  0:35  Drone  
  14  0:36  Drone  
  14  0:41  Spawning Pool  
  15  0:44  Drone  
  15  0:48  Drone  
  17  1:09  Hatchery  
  16  1:12  Drone  
  17  1:26  Extractor  
  17  1:28  Zergling x2  
  17  1:29  Zergling x4  
  17  1:32  Queen  
  21  1:40  Zergling x2  
  22  1:48  Spine Crawler  
  22  1:53  Zergling x2  
  19  2:02  Zergling x2  
  20  2:13  Drone  
  21  2:20  Queen  
  23  2:24  Queen, Drone  
  23  2:28  Drone  
  27  2:35  Metabolic Boost  
  27  2:42  Drone  
  28  2:49  Overlord  
  28  2:56  Zergling x2  
  27  3:07  Overlord  
  27  3:09  Zergling x8  
  30  3:13  Zergling x2  
  30  3:14  Zergling x2  
  32  3:23  Zergling x2  
  32  3:25  Zergling x2  
  34  3:27  Zergling x2  
  34  3:31  Zergling x2  
  34  3:33  Zergling x2  
  34  3:34  Zergling x2  
  38  3:42  Overlord  
  38  3:47  Overlord  
  38  3:56  Overlord  
  38  4:01  Zergling x4  
  40  4:03  Zergling x2  
  40  4:07  Zergling x2  
  40  4:09  Zergling x2  
  42  4:13  Zergling x2  
  42  4:14  Zergling x2  
  41  4:17  Zergling x2  
  41  4:19  Zergling x2  
  41  4:22  Zergling x2  
  43  4:25  Zergling x2  
  43  4:30  Zergling x2  
  43  4:32  Zergling x2  
  43  4:34  Zergling x2  
  43  4:37  Zergling x2  
  39  4:38  Zergling x2  
  39  4:42  Zergling x2  
  39  4:44  Zergling x2  
  42  4:51  Zergling x2  
  42  4:52  Zergling x2  
  44  4:53  Zergling x2  
  44  4:55  Zergling x2  
  44  4:58  Zergling x2  
  47  5:04  Zergling x2  
  47  5:05  Zergling x2  
  51  5:15  Zergling x2  
  51  5:17  Zergling x2  
  51  5:20  Zergling x4  
  54  5:21  Zergling x2  
  54  5:22  Zergling x2  
  54  5:23  Zergling x2  
  54  5:25  Zergling x2  
  54  5:28  Zergling x2  
  58  5:31  Zergling x2  
  59  5:38  Zergling x2  
  59  5:42  Zergling x2  
  55  5:46  Zergling x2  
  55  5:47  Zergling x4  
  55  5:48  Zergling x2  
  48  5:50  Zergling x2  
  48  5:52  Zergling x2  
  48  5:54  Zergling x2  
  48  5:57  Zergling x2  
  48  6:00  Zergling x2  
  50  6:06  Zergling x2  
  50  6:10  Zergling x2  
  45  6:16  Zergling x2  
  45  6:17  Zergling x2  
  45  6:18  Zergling x2  
  38  6:20  Zergling x2  
  38  6:22  Zergling x2  
  32  6:27  Queen  
  32  6:29  Zergling x2  
  32  6:32  Zergling x2  
  35  6:40  Zergling x2  
  36  6:48  Baneling Nest  
  36  6:51  Zergling x4  
  36  6:53  Zergling x2  
  38  7:03  Zergling x2  
  38  7:08  Zergling x2  
  40  7:12  Zergling x2  
  40  7:15  Zergling x2  
  42  7:23  Zergling x2  
  42  7:25  Zergling x2  
  44  7:32  Baneling  
  44  7:33  Baneling x3  
  44  7:34  Zergling x2  
  44  7:36  Zergling x2  
  44  7:39  Zergling x2  
Tags
 
Add a new tag
Caveats
  • Supply blocks, unpowered buildings, or Contaminate may cause inaccurate times.
  • Supply counts are checked every 10 seconds.